Map: Deathaura LE

Players

TIME (Oliveira) - Winner!

  • Race: Terran Terran
  • League: Grandmaster
  • Spawn Location: 5:00

SpeCial

  • Race: Terran Terran
  • League: Master
  • Spawn Location: 11:00

Event: DreamHack SC2 Masters 2020 Winter

VOD

Have the link to the VOD?

Description

Time

  • Played on: Nov. 11, 2020, 10:22 a.m.
  • Length: 10:34

All games in this series

Show
View Real Time Build Order
Export as new Build Order

TIME Terran - Winner!

Build Orders:  

Get SALT Encoding   

  12  0:00  SCV  
  13  0:12  SCV  
  14  0:17  Supply Depot  
  14  0:24  SCV  
  15  0:39  SCV  
  15  0:40  Barracks  
  16  0:43  Refinery  
  16  0:51  SCV  
  16  0:54  Refinery  
  17  1:03  SCV  
  18  1:15  SCV  
  19  1:28  Reaper, Orbital Command  
  19  1:29  Supply Depot  
  20  1:42  Factory  
  20  1:53  SCV  
  21  2:00  Reaper  
  22  2:05  SCV  
  23  2:17  Command Center  
  23  2:19  SCV  
  24  2:26  Hellion  
  26  2:31  SCV  
  26  2:33  Barracks Reactor  
  27  2:40  Starport  
  27  2:43  SCV  
  28  2:44  Supply Depot  
  28  2:49  Widow Mine  
  30  2:55  SCV  
  31  3:07  SCV  
  31  3:10  Marine x2  
  34  3:15  Refinery  
  34  3:19  Medivac  
  36  3:20  Factory Tech Lab  
  36  3:24  SCV  
  37  3:28  Marine x2  
  37  3:29  Orbital Command  
  39  3:44  Cyclone  
  39  3:45  Marine  
  39  3:46  Marine  
  44  3:49  Medivac  
  44  3:55  SCV x2  
  48  3:57  Supply Depot  
  48  4:05  Marine x2  
  48  4:07  SCV x2  
  52  4:19  Siege Tank  
  52  4:22  Liberator  
  58  4:25  Marine  
  58  4:29  SCV, Marine  
  61  4:34  SCV  
  62  4:41  SCV  
  62  4:43  Marine  
  62  4:51  Command Center  
  62  4:57  SCV  
  60  5:01  Marine  
  60  5:05  SCV  
  59  5:10  SCV  
  60  5:18  Supply Depot  
  60  5:23  Marine  
  60  5:24  SCV  
  62  5:28  Marine  
  60  5:40  Barracks x2, Siege Tank  
  60  5:51  Starport Reactor  
  60  5:52  SCV x2  
  60  5:56  Supply Depot, Engineering Bay x2, Refinery  
  62  5:57  Barracks Tech Lab  
  62  6:03  Orbital Command  
  62  6:04  SCV x2  
  64  6:15  Stimpack, Marine  
  64  6:16  Siege Tank  
  64  6:17  SCV x2  
  70  6:26  Terran Infantry Weapons Level 1, Terran Infantry Armor Level 1  
  70  6:29  SCV x3  
  70  6:32  Barracks Reactor  
  73  6:35  Medivac  
  73  6:36  Medivac  
  73  6:37  Marine x2  
  73  6:38  Marine  
  80  6:41  SCV x3  
  83  6:47  Barracks  
  83  6:49  Barracks, Siege Tank  
  83  6:53  SCV x2, Supply Depot x2  
  88  6:55  Marine x3  
  88  6:56  SCV  
  92  7:05  SCV  
  93  7:14  Marine, Liberator x2  
  93  7:15  SCV x2, Marine x4  
  106  7:17  SCV  
  107  7:23  Supply Depot  
  107  7:25  Supply Depot x2  
  107  7:27  SCV x2  
  107  7:28  Armory  
  109  7:41  Marine x2  
  109  7:42  SCV  
  109  7:44  SCV, Marine x3, Siege Tank  
  109  7:50  Barracks Tech Lab x2  
  92  7:52  SCV  
  92  7:54  SCV  
  92  7:56  SCV  
  92  7:57  Combat Shield  
  95  7:59  Medivac, Marine x2  
  95  8:01  Medivac  
  95  8:02  Marine  
  95  8:03  Command Center  
  95  8:04  SCV  
  103  8:06  Marine x2  
  103  8:07  SCV  
  103  8:08  SCV  
  103  8:09  Refinery  
  103  8:10  Refinery  
  107  8:15  Concussive Shells  
  107  8:17  Marauder x2  
  107  8:18  Marine  
  112  8:20  Marauder, Marine  
  112  8:22  SCV  
  116  8:31  Marine  
  116  8:32  Marine  
  118  8:35  Marine  
  118  8:39  Marauder  
  121  8:45  Marauder, Marine x2  
  121  8:47  Medivac, Siege Tank  
  125  8:50  SCV x2  
  125  8:53  Supply Depot, Marine  
  125  8:55  Supply Depot, Medivac  
  127  9:00  Marauder, Marine x2  
  127  9:02  SCV  
  129  9:03  Marauder  
  129  9:05  SCV  
  132  9:10  Refinery x2  
  132  9:15  Marauder  
  134  9:17  Planetary Fortress  
  134  9:19  Marine x3  
  134  9:20  Marine  
  134  9:21  Marauder  
  140  9:28  Starport  
  140  9:29  Starport  
  140  9:32  SCV x2, Marauder  
  140  9:33  SCV  
  140  9:37  Marine x2  
  140  9:38  Marauder  
  149  9:39  Siege Tank  
  139  9:56  Marine  
  139  9:57  Marauder, Marine  
  139  9:58  Marine  
  139  9:59  Marauder, Marine  
  138  10:00  Medivac x2  
  138  10:03  SCV x3  
  145  10:08  Supply Depot  
  145  10:17  Command Center  
Show
View Real Time Build Order
Export as new Build Order

SpeCial Terran 

Build Orders: Mech 

Get SALT Encoding   

  12  0:00  SCV  
  13  0:12  SCV  
  14  0:17  Supply Depot  
  14  0:24  SCV  
  15  0:39  SCV, Barracks  
  16  0:43  Refinery  
  16  0:51  SCV  
  16  0:52  Refinery  
  17  1:03  SCV  
  18  1:15  SCV  
  19  1:27  Supply Depot, Reaper, Orbital Command  
  20  1:40  Factory  
  20  1:52  SCV  
  21  1:59  Reaper  
  22  2:05  SCV  
  23  2:15  Command Center  
  23  2:18  SCV  
  24  2:24  Hellion  
  24  2:28  Supply Depot  
  26  2:32  SCV  
  26  2:34  Reaper  
  28  2:44  SCV  
  28  2:46  Hellion  
  28  2:50  Starport  
  31  2:56  SCV  
  32  3:07  Barracks Tech Lab  
  32  3:08  SCV, Factory Tech Lab  
  32  3:20  SCV  
  33  3:28  Refinery  
  33  3:29  Cyclone  
  33  3:32  SCV  
  36  3:41  Raven  
  36  3:43  Orbital Command  
  36  3:45  SCV  
  39  3:55  Command Center  
  39  3:57  SCV  
  40  4:04  Cyclone, Refinery  
  40  4:08  SCV  
  44  4:11  SCV  
  44  4:16  Marine  
  46  4:20  SCV  
  46  4:23  SCV  
  47  4:31  Raven  
  49  4:32  SCV  
  49  4:35  SCV  
  51  4:44  SCV  
  52  4:47  Barracks Reactor, SCV  
  52  4:52  Supply Depot  
  53  4:57  SCV  
  53  4:59  SCV  
  54  5:04  Siege Tank  
  51  5:09  SCV  
  51  5:12  SCV  
  53  5:19  Raven, Orbital Command  
  53  5:21  SCV  
  53  5:24  SCV, Marine  
  53  5:30  Marine  
  53  5:33  SCV  
  47  5:36  SCV  
  44  5:44  Siege Tank  
  44  5:45  SCV x2  
  44  5:48  SCV  
  50  5:56  Barracks Reactor  
  50  5:57  SCV  
  50  5:58  SCV  
  50  6:00  SCV  
  53  6:09  SCV  
  53  6:10  SCV  
  55  6:12  SCV  
  55  6:16  Siege Tank  
  59  6:21  SCV  
  59  6:22  SCV  
  59  6:24  SCV  
  62  6:33  SCV  
  62  6:34  SCV  
  62  6:36  SCV  
  62  6:37  Viking x2  
  62  6:38  Orbital Command  
  69  6:45  SCV  
  70  6:48  SCV  
  70  6:50  Supply Depot, Factory  
  70  6:52  Engineering Bay  
  71  6:57  Barracks Reactor  
  71  6:58  SCV  
  71  7:00  SCV  
  73  7:02  Siege Tank  
  73  7:04  SCV, Factory  
  77  7:11  Viking, SCV  
  77  7:13  SCV, Supply Depot x2  
  77  7:14  Viking  
  83  7:16  SCV  
  84  7:23  SCV  
  84  7:24  Armory  
  85  7:34  Armory  
  85  7:35  SCV x3  
  81  7:47  SCV x3  
  82  7:52  Siege Tank  
  82  7:54  Siege Tank  
  88  7:59  SCV x2  
  88  8:00  SCV  
  88  8:01  Refinery  
  88  8:02  Refinery  
  88  8:04  Hellion x2  
  95  8:09  Command Center  
  95  8:10  Sensor Tower  
  95  8:11  SCV x2  
  95  8:12  SCV  
  98  8:17  Supply Depot x2, Missile Turret  
  98  8:23  SCV x2  
  98  8:24  SCV  
  98  8:34  Terran Vehicle Weapons Level 1, Terran Vehicle And Ship Armor Level 1  
  98  8:35  SCV x2  
  98  8:36  SCV  
  101  8:47  SCV x2  
  101  8:48  SCV  
  100  8:50  Hellion x2  
  100  8:51  Siege Tank x2  
  108  8:59  SCV x2  
  108  9:00  SCV  
  109  9:08  Missile Turret  
  109  9:11  SCV x2, Missile Turret  
  109  9:12  SCV  
  109  9:13  Hellion x2  
  109  9:16  Factory  
  116  9:18  Factory  
  116  9:21  Supply Depot x2  
  116  9:22  Supply Depot  
  116  9:24  SCV x3  
  118  9:25  Siege Tank  
  118  9:29  Siege Tank  
  118  9:31  Supply Depot  
  125  9:36  SCV x2  
  125  9:38  Viking  
  128  9:39  Sensor Tower  
  128  9:42  SCV  
  129  9:48  SCV  
  129  9:49  SCV  
  106  9:54  SCV  
  106  9:56  Hellion x2  
  106  9:57  Siege Tank  
  103  10:00  SCV  
  103  10:02  Factory Reactor  
  103  10:03  SCV, Factory Tech Lab  
  105  10:07  SCV  
  105  10:12  SCV  
Tags
 
Add a new tag
Caveats
  • Supply blocks, unpowered buildings, or Contaminate may cause inaccurate times.
  • Supply counts are checked every 10 seconds.